[Event "Titled Tuesday Blitz December 13 Late 2022"]
[White "Grigoriants, Sergey"]
[Black "Bjelobrk, Igor"]
[WhiteFideId "4130804"]
[BlackFideId "4300726"]
[WhiteElo "2502"]
[BlackElo "2335"]
[Result "1-0"]
[Round "05"]
[TimeControl "180+1"]
[Date "2022.12.13"]
[WhiteClock "0:00:05"]
[BlackClock "0:00:02"]

1. d4 d5 2. c4 c6 3. Nf3 Nf6 4. Nc3 dxc4 5. a4 a5 6. e4 Bg4 7. Be3 e6 8. Bxc4 Bb4 9. Qc2 Nbd7 10. Be2 O-O 11. O-O Qe7 12. Rad1 Bh5 13. h3 Bg6 14. Bd3 Bh5 15. g4 Bg6 16. Ne5 Nxe5 17. dxe5 Nd7 18. f4 h6 19. Qf2 Bh7 20. Kh2 Rfd8 21. Bb1 Nc5 22. Qf3 Rxd1 23. Rxd1 Rd8 24. Rd4 Rxd4 25. Bxd4 Nb3 26. Qf2 Qd8 27. Be3 Qe7 28. Ne2 Nc5 29. Ng3 Nxa4 30. Ba2 Nc5 31. f5 exf5 32. exf5 Qxe5 33. Bf4 Qe7 34. Nh5 Nd7 35. Bc4 Bc5 36. Qd2 Nf6 37. Nxf6+ Qxf6 38. b3 Bb4 39. Qd7 b5 40. Qe8+ Bf8 41. Be2 Qe7 42. Qxe7 Bxe7 43. Bf3 c5 44. Bc6 b4 45. Bd5 Kf8 46. Bc7 f6 47. Bxa5 Bg8 48. Bxg8 Kxg8 49. Kg2 Kf7 50. Kf3 Ke8 51. Ke4 Kd7 52. Kd5 Bf8 53. Bb6 c4 54. Kxc4 Kc6 55. Ba5 Bd6 56. Bxb4 Be5 57. Bf8 1-0


[Site "https://www.chess.com"]

[Event "Titled Tuesday Blitz December 13 Late 2022"]
[White "Grot, Blazej"]
[Black "Sourath Biswas"]
[WhiteFideId "21835845"]
[BlackFideId "35091484"]
[WhiteElo "1823"]
[BlackElo "2164"]
[Result "0-1"]
[Round "05"]
[TimeControl "180+1"]
[Date "2022.12.14"]
[WhiteClock "0:00:02"]
[BlackClock "0:00:18"]

1. e4 c5 2. Nc3 a6 3. g3 b5 4. Bg2 Bb7 5. d3 e6 6. Be3 Nf6 7. h3 d5 8. exd5 exd5 9. d4 b4 10. Nce2 c4 11. Nf3 Nc6 12. O-O Bd6 13. Nf4 O-O 14. c3 a5 15. Nh4 Ne7 16. Nh5 Nxh5 17. Qxh5 a4 18. a3 bxa3 19. bxa3 Bc8 20. Rfe1 Qa5 21. Bg5 Ng6 22. Qf3 Nxh4 23. Bxh4 Be6 24. Bg5 Rab8 25. Bf4 Bxf4 26. Qxf4 Qxc3 27. Qe5 Rfd8 28. Rab1 Rb3 29. Bxd5 Rxb1 30. Rxb1 Bxd5 31. Rb8 Qa5 32. Kh2 h6 33. Rxd8+ Qxd8 34. Qe3 Be6 35. Qc3 Qd5 36. f4 Qe4 37. g4 Qd3 0-1


[Site "https://www.chess.com"]

[Event "Titled Tuesday Blitz December 13 Late 2022"]
[White "Hamedi Nia, Vesal"]
[Black "Sariego Figueredo, Wilfredo"]
[WhiteFideId "12542253"]
[BlackFideId "3500080"]
[WhiteElo "1844"]
[BlackElo "2309"]
[Result "1-0"]
[Round "05"]
[TimeControl "180+1"]
[Date "2022.12.14"]
[WhiteClock "0:00:38"]
[BlackClock "0:00:01"]

1. d4 d5 2. c4 c6 3. cxd5 cxd5 4. Nc3 Nf6 5. Bf4 Nc6 6. e3 e6 7. Bd3 Bb4 8. Ne2 O-O 9. O-O Ba5 10. h3 a6 11. a3 b5 12. Qc2 Ne7 13. Bg5 Ng6 14. b4 Bc7 15. Rac1 Bd6 16. e4 dxe4 17. Nxe4 Be7 18. Nc5 Nd5 19. Bxe7 Qxe7 20. Be4 Bb7 21. Rfe1 Rad8 22. Rcd1 Bc8 23. Nc3 Nxc3 24. Qxc3 Nf4 25. d5 Qf6 26. Qxf6 gxf6 27. d6 f5 28. Bc6 Nd5 29. Bxd5 exd5 30. Rxd5 Be6 31. Nxe6 fxe6 32. Rxe6 Rd7 33. f4 Rfd8 34. g4 fxg4 35. hxg4 Kf7 36. f5 Rg8 37. Rd4 h5 38. Rh6 Rxg4+ 39. Rxg4 hxg4 40. Kg2 Rd8 41. Kg3 Ke8 42. Kxg4 Kd7 43. Kf4 Kc6 44. Ke5 Re8+ 45. Re6 Rf8 46. Re7 Rd8 47. Rc7+ Kb6 48. f6 a5 49. bxa5+ Kxa5 50. f7 Ka4 51. Ra7+ Kb3 52. Ke6 Rb8 53. Ke7 b4 54. axb4 1-0


[Site "https://www.chess.com"]

[Event "Titled Tuesday Blitz December 13 Late 2022"]
[White "Hamley, Ryan"]
[Black "Freile Martin, Javier"]
[WhiteFideId "30959497"]
[BlackFideId "3600165"]
[WhiteElo "2603"]
[BlackElo "2382"]
[Result "1-0"]
[Round "05"]
[TimeControl "180+1"]
[Date "2022.12.14"]
[WhiteClock "0:00:06"]
[BlackClock "0:00:01"]

1. Nf3 Nf6 2. d4 g6 3. Nbd2 d5 4. b4 Bg7 5. e3 O-O 6. c4 a5 7. b5 c6 8. Ba3 Re8 9. Ne5 Be6 10. Be2 Nfd7 11. f4 Nxe5 12. fxe5 Bh6 13. Qb3 Nd7 14. c5 f6 15. exf6 exf6 16. O-O Bf7 17. Rf3 Qe7 18. Nf1 f5 19. Rh3 Bg5 20. Rb1 Nf6 21. bxc6 bxc6 22. Qa4 Rac8 23. Qxa5 Ng4 24. Qc3 Ra8 25. Rb6 Qc7 26. Bc1 Rxa2 27. Bd2 h5 28. Rg3 Bh4 29. Rf3 Rea8 30. g3 Bf6 31. Be1 Ra1 32. Rb3 R8a2 33. Bd3 h4 34. h3 Nh6 35. Rf2 hxg3 36. Rxa2 Rxa2 37. Bxg3 Qe7 38. Rb8+ Kg7 39. Bc2 Ra7 40. Qd3 1-0


[Site "https://www.chess.com"]

[Event "Titled Tuesday Blitz December 13 Late 2022"]
[White "Han, Yichen"]
[Black "Banzea, Alexandru-Bogdan"]
[WhiteFideId "1054430"]
[BlackFideId "1232622"]
[WhiteElo "2323"]
[BlackElo "2294"]
[Result "1-0"]
[Round "05"]
[TimeControl "180+1"]
[Date "2022.12.14"]
[WhiteClock "0:00:19"]
[BlackClock "0:00:02"]

1. d4 Nf6 2. Nf3 g6 3. Nbd2 Bg7 4. e4 d6 5. Bb5+ c6 6. Bd3 O-O 7. O-O Nbd7 8. c3 e5 9. Re1 Qc7 10. a4 b6 11. Bf1 Bb7 12. b3 Rfe8 13. Qc2 a6 14. Ba3 Rad8 15. Rad1 b5 16. axb5 axb5 17. c4 b4 18. Bxb4 exd4 19. Nxd4 Qb6 20. Bc3 Ng4 21. N2f3 Nde5 22. Nxe5 Nxe5 23. h3 Ba8 24. Qd2 Nd7 25. Ba5 Qb8 26. Bxd8 Rxd8 27. Nf3 Nc5 28. b4 Ne6 29. b5 c5 30. Qa5 Nd4 31. Nxd4 Bxd4 32. b6 Re8 33. Bd3 Qd8 34. Re2 Qh4 35. Qa7 Qe7 36. Ra2 Bb7 37. Re1 1-0


[Site "https://www.chess.com"]

[Event "Titled Tuesday Blitz December 13 Late 2022"]
[White "Harshavardhan G B"]
[Black "Bluebaum, Matthias"]
[WhiteFideId "25059009"]
[BlackFideId "24651516"]
[WhiteElo "2323"]
[BlackElo "2634"]
[Result "0-1"]
[Round "05"]
[TimeControl "180+1"]
[Date "2022.12.13"]
[WhiteClock "0:00:14"]
[BlackClock "0:01:39"]

1. d4 d5 2. c4 e6 3. Nf3 Nf6 4. g3 Nc6 5. Bg2 dxc4 6. Qa4 Bb4+ 7. Bd2 Nd5 8. Bxb4 Nxb4 9. O-O Rb8 10. Nc3 a6 11. a3 b5 12. Qd1 Nd5 13. e4 Nxc3 14. bxc3 O-O 15. Qe2 Bb7 16. Nh4 Na5 17. f4 c5 18. d5 exd5 19. exd5 Qf6 20. Qe5 Rfe8 21. Qxf6 gxf6 22. Nf5 Rbd8 23. Rfe1 Kf8 24. Rad1 Rxe1+ 25. Rxe1 Bc8 26. Ne7 Nb7 27. Nc6 Re8 28. Rd1 Nd6 29. Bf3 Bf5 30. Ra1 Re3 31. Kf2 Rxc3 32. Re1 Rxa3 33. g4 Bd7 34. Nb8 Be8 35. Nc6 c3 36. Bd1 b4 37. Bc2 b3 38. Bxh7 c2 39. g5 f5 40. Ne5 b2 41. g6 c1=Q 0-1


[Site "https://www.chess.com"]

[Event "Titled Tuesday Blitz December 13 Late 2022"]
[White "Hoffmann, Asa"]
[Black "Kaplan, Avi Harrison"]
[WhiteFideId "2001470"]
[BlackFideId "30934559"]
[WhiteElo "2117"]
[BlackElo "1983"]
[Result "0-1"]
[Round "05"]
[TimeControl "180+1"]
[Date "2022.12.14"]
[WhiteClock "0:00:07"]
[BlackClock "0:00:34"]

1. d4 Nf6 2. Bg5 c5 3. d5 d6 4. Nc3 g6 5. e4 Bg7 6. f3 h6 7. Be3 O-O 8. Qd2 Kh7 9. h4 e6 10. dxe6 Bxe6 11. O-O-O Ne8 12. Bxc5 Qa5 13. Bd4 Bxa2 14. Nh3 Be6 15. Nf4 Nc6 16. Bxg7 Qa1+ 17. Nb1 Ba2 18. Qc3 Nxg7 19. b3 Qxb1+ 20. Kd2 Rac8 21. Rxb1 Bxb1 22. Bd3 Ne5 23. Qb2 Nxd3 24. cxd3 Rc2+ 25. Qxc2 Bxc2 26. Kxc2 Rc8+ 27. Kb2 Ne6 0-1


[Site "https://www.chess.com"]

[Event "Titled Tuesday Blitz December 13 Late 2022"]
[White "Ibarra Jerez, Jose Carlos"]
[Black "Domingo Nunez, Ruben"]
[WhiteFideId "2226332"]
[BlackFideId "22245570"]
[WhiteElo "2638"]
[BlackElo "2406"]
[Result "1-0"]
[Round "05"]
[TimeControl "180+1"]
[Date "2022.12.13"]
[WhiteClock "0:01:25"]
[BlackClock "0:01:40"]

1. e4 Nf6 2. e5 Nd5 3. c4 Nb6 4. d4 d6 5. exd6 exd6 6. Nc3 Be7 7. Bd3 O-O 8. Nge2 d5 9. c5 N6d7 10. Nxd5 b6 11. Bf4 Na6 12. Bxa6 Bxa6 13. Bxc7 Qe8 14. O-O Rc8 15. Re1 Nf6 16. Nec3 Rxc7 17. Nxc7 1-0


[Site "https://www.chess.com"]

[Event "Titled Tuesday Blitz December 13 Late 2022"]
[White "Itkis, Boris"]
[Black "Santos Flores, Alberto"]
[WhiteFideId "1209167"]
[BlackFideId "3601234"]
[WhiteElo "2216"]
[BlackElo "2235"]
[Result "0-1"]
[Round "05"]
[TimeControl "180+1"]
[Date "2022.12.14"]
[WhiteClock "0:00:02"]
[BlackClock "0:00:20"]

1. c4 c6 2. Nf3 d5 3. e3 Nf6 4. Nc3 e6 5. b3 Nbd7 6. Bb2 Bd6 7. Qc2 Qe7 8. Rg1 Ba3 9. g4 Bxb2 10. Qxb2 h6 11. Be2 Nc5 12. d3 e5 13. h3 e4 14. dxe4 Ncxe4 15. Nxe4 dxe4 16. Nd4 Qb4+ 17. Qd2 Qxd2+ 18. Kxd2 O-O 19. Kc3 c5 20. Nb5 Bd7 21. Rad1 Bc6 22. h4 g5 23. hxg5 hxg5 24. Nd6 b6 25. Nf5 Bd7 26. Rd6 Be6 27. Rgd1 Rfe8 28. Rc6 Red8 29. Rcd6 Rxd6 30. Rxd6 Bxf5 31. Rxf6 Be6 32. Rh6 Kg7 33. Rh1 Rd8 34. a3 Rh8 35. Rxh8 Kxh8 36. b4 Kg7 37. f3 exf3 38. Bxf3 Kf6 39. Kd3 Ke5 40. bxc5 bxc5 41. Be2 f6 42. Bf3 Bf7 43. Be2 Bg6+ 44. Kc3 Be4 45. Kd2 Bb1 46. Bf3 Be4 47. Be2 Bc6 48. Bd3 Ba4 49. Be2 Ke4 0-1


[Site "https://www.chess.com"]

[Event "Titled Tuesday Blitz December 13 Late 2022"]
[White "Jacobson, Brandon"]
[Black "Gritsenko, Nikolai"]
[WhiteFideId "30901561"]
[BlackFideId "14112493"]
[WhiteElo "2451"]
[BlackElo "2389"]
[Result "1/2-1/2"]
[Round "05"]
[TimeControl "180+1"]
[Date "2022.12.13"]
[WhiteClock "0:00:06"]
[BlackClock "0:00:05"]

1. d4 d5 2. c4 Nc6 3. Nc3 e6 4. Nf3 Nf6 5. Bg5 Bb4 6. e3 h6 7. Bxf6 Qxf6 8. Rc1 dxc4 9. Bxc4 O-O 10. O-O a6 11. Qc2 Bd7 12. Bb3 Bd6 13. Ne4 Qe7 14. a3 Rac8 15. Nc5 Bxc5 16. Qxc5 Qxc5 17. Rxc5 Ne7 18. Rfc1 c6 19. Ne5 Rfd8 20. Ba2 Be8 21. b4 Nd5 22. R5c2 Kf8 23. Nd3 Nb6 24. Nc5 Rb8 25. f4 Ke7 26. Kf2 Nd7 27. Rb2 Nf6 28. Kf3 g5 29. g4 gxf4 30. Kxf4 Bd7 31. e4 Rg8 32. h3 Rg7 33. Rf1 h5 34. g5 Nh7 35. h4 f6 36. gxf6+ Nxf6 37. e5 Rf8 38. Ke3 Nd5+ 39. Ke2 Rg2+ 40. Kd3 Rxb2 41. Rxf8 Rxa2 42. Rb8 Rxa3+ 43. Kd2 b6 44. Ne4 Ra2+ 45. Kc1 Ra1+ 46. Kb2 Re1 47. Nd6 Re2+ 48. Kc1 Nxb4 49. Rxb6 Nd5 50. Rxa6 Rh2 51. Ra8 Rxh4 52. Rh8 Rxd4 53. Rxh5 Kd8 54. Rh8+ Kc7 55. Rh7 c5 56. Nb5+ Kc6 57. Na7+ Kc7 58. Nb5+ Kc6 59. Na7+ Kc7 60. Nb5+ 1/2-1/2


[Site "https://www.chess.com"]

[Event "Titled Tuesday Blitz December 13 Late 2022"]
[White "Jarocka, Liwia"]
[Black "Ballester Llagaria, Luis Eduardo"]
[WhiteFideId "21807558"]
[BlackFideId "2297620"]
[WhiteElo "1989"]
[BlackElo "2344"]
[Result "1/2-1/2"]
[Round "05"]
[TimeControl "180+1"]
[Date "2022.12.14"]
[WhiteClock "0:00:05"]
[BlackClock "0:00:08"]

1. e4 c5 2. Nf3 e6 3. d4 cxd4 4. Nxd4 Nc6 5. Nc3 Qc7 6. Be2 a6 7. O-O Nf6 8. Be3 Bb4 9. Nxc6 bxc6 10. f4 d5 11. e5 Nd7 12. Na4 Be7 13. c4 Rb8 14. b3 dxc4 15. Bxc4 c5 16. Qe2 Qc6 17. Rac1 Bb7 18. Rfd1 O-O 19. Qf2 Rfd8 20. Be2 Rbc8 21. Bf3 Qc7 22. Bxb7 Qxb7 23. Nxc5 Bxc5 24. Bxc5 Nxc5 25. Rxd8+ Rxd8 26. Qxc5 g6 27. Qf2 Rd3 28. h3 Qd5 29. Rc5 Qe4 30. Kh2 Re3 31. Rc4 Qd3 32. Qh4 Qf5 33. Qf6 Qxf6 34. exf6 h5 35. Rc8+ Kh7 36. Rf8 Re2 37. Rxf7+ Kg8 38. Rg7+ Kf8 39. Rxg6 Kf7 40. Rg5 Rxa2 41. Rxh5 Kxf6 42. Rh8 Ra3 43. Ra8 Kf5 44. b4 Kxf4 45. b5 a5 46. b6 Rb3 47. Rxa5 Rxb6 48. Ra4+ Kf5 49. Ra3 e5 50. Kg3 Rb4 51. Kf3 Rc4 52. Ke3 Rc2 53. g3 Rh2 54. h4 Kg4 55. Ke4 Re2+ 56. Kd3 Rg2 57. Ke4 Re2+ 58. Kd5 e4 59. Kd4 Re1 60. Re3 Ra1 61. Kxe4 Ra4+ 62. Kd3 Ra3+ 63. Kd2 Ra2+ 64. Kd3 Ra3+ 65. Ke4 Ra4+ 66. Ke5 Ra5+ 67. Kf6 Ra6+ 68. Re6 Ra5 69. Kg6 Kxg3 70. h5 Kf4 71. h6 Rg5+ 72. Kh7 Rg1 73. Rg6 Rh1 74. Rf6+ Kg5 75. Rg6+ Kf5 76. Rg7 Kf6 77. Rg3 Rh2 78. Rf3+ Ke7 79. Kg7 Rg2+ 80. Kh8 Rg4 81. h7 Ke8 82. Re3+ Kf7 83. Rf3+ Ke8 84. Rf2 Ke7 85. Rf5 Ke8 86. Ra5 Kf7 87. Ra7+ Kf8 88. Ra8+ Kf7 89. Rg8 Rh4 90. Rg7+ Kf8 91. Rg3 Rh1 92. Rf3+ Ke7 93. Rf2 Rg1 94. Rf4 Ke6 95. Ra4 Kf7 96. Ra8 Kf6 97. Rg8 Rh1 98. Rf8+ Ke7 99. Rg8 Kf7 100. Rg3 Kf8 101. Rf3+ Ke7 102. Kg7 Rg1+ 103. Kh8 Rg4 104. Rf2 Ke6 105. Rf8 Ke7 106. Rf1 Ke6 107. Rf2 Ke7 108. Rd2 Kf7 109. Rd7+ Kf8 110. Rd8+ Kf7 111. Rg8 Rh4 112. Rg5 Rh2 113. Rg4 Re2 114. Rf4+ Kg6 115. Rg4+ Kh6 116. Rh4+ Kg6 117. Rg4+ Kf7 118. Rg7+ Kf8 119. Rg8+ Kf7 120. Rg4 Kf8 121. Rg8+ Kf7 122. Rg4 Re8+ 123. Rg8 Re2 1/2-1/2


[Site "https://www.chess.com"]

[Event "Titled Tuesday Blitz December 13 Late 2022"]
[White "Jimenez Almeida, Luis David"]
[Black "Kazakouski, Valery"]
[WhiteFideId "22242244"]
[BlackFideId "13507443"]
[WhiteElo "2158"]
[BlackElo "2516"]
[Result "0-1"]
[Round "05"]
[TimeControl "180+1"]
[Date "2022.12.14"]
[WhiteClock "0:01:40"]
[BlackClock "0:02:12"]

1. e4 e5 2. Nf3 Nc6 3. Bb5 a6 4. Ba4 Nf6 5. O-O Be7 6. Re1 b5 7. Bb3 O-O 8. d3 d6 9. c3 Nb8 10. Nbd2 Nbd7 11. Bc2 Bb7 12. Nf1 Nc5 13. Ng3 Re8 14. Nf5 Bf8 15. Qe2 d5 16. Ng3 Ncd7 17. h3 c5 18. Nf5 c4 19. exd5 cxd3 20. Qxd3 e4 21. Qd4 Bc5 0-1


[Site "https://www.chess.com"]

[Event "Titled Tuesday Blitz December 13 Late 2022"]
[White "Jobava, Baadur"]
[Black "Urazayev, Arystanbek"]
[WhiteFideId "13601520"]
[BlackFideId "13709810"]
[WhiteElo "2582"]
[BlackElo "2463"]
[Result "1-0"]
[Round "05"]
[TimeControl "180+1"]
[Date "2022.12.13"]
[WhiteClock "0:00:06"]
[BlackClock "0:00:06"]

1. d4 d5 2. Nc3 Nf6 3. Bf4 e6 4. Nb5 Bb4+ 5. c3 Ba5 6. a4 a6 7. b4 Nc6 8. Na3 Bb6 9. a5 Ba7 10. e3 O-O 11. Nf3 Ne4 12. Nb1 f6 13. h3 e5 14. Bh2 exd4 15. exd4 Re8 16. Be2 Qe7 17. O-O Ng3 18. Bxg3 Qxe2 19. Bxc7 Bf5 20. Nbd2 Qd3 21. Rc1 Rac8 22. Bf4 Ne7 23. Qb3 Ng6 24. Bg3 Qb5 25. Rfe1 h5 26. Rxe8+ Rxe8 27. Nf1 Kh7 28. Ne3 Be6 29. Qb1 Qd7 30. Re1 Kh6 31. Qd3 Nf8 32. Nh4 g6 33. Nf3 Kg7 34. Re2 Bf7 35. Nd2 Ne6 36. Nb3 Ng5 37. Nc5 Bxc5 38. dxc5 Ne4 39. Re1 Nxg3 40. fxg3 Qc7 41. Nc2 Re5 42. Qd2 Qe7 43. Re3 g5 44. Kf2 Bg6 45. Nd4 Be4 46. c6 Qc7 47. cxb7 Qxb7 48. Nb3 Rf5+ 49. Kg1 Qc7 50. Nc5 Qe5 51. Qd4 Qb8 52. Nxa6 Qb5 53. Rxe4 Qf1+ 54. Kh2 dxe4 55. Qxe4 Rf2 56. Nc5 Re2 57. Qb7+ Kg6 58. Nd7 h4 59. Nf8+ Kf5 60. Qd5+ Re5 61. g4+ Kf4 62. Ng6+ Ke3 63. Qd4+ Ke2 64. Nxe5 fxe5 65. Qxe5+ Kd3 66. Qb5+ 1-0


[Site "https://www.chess.com"]

[Event "Titled Tuesday Blitz December 13 Late 2022"]
[White "Joubert, Dantelle"]
[Black "Bryant, Todd"]
[WhiteFideId "14310813"]
[BlackFideId "2031299"]
[WhiteElo "1507"]
[BlackElo "2331"]
[Result "0-1"]
[Round "05"]
[TimeControl "180+1"]
[Date "2022.12.14"]
[WhiteClock "0:00:25"]
[BlackClock "0:02:21"]

1. d4 Nf6 2. c4 g6 3. Nc3 Bg7 4. e4 d6 5. Nf3 O-O 6. Be2 e5 7. dxe5 dxe5 8. Qxd8 Rxd8 9. Bg5 c6 10. Nxe5 Re8 11. f4 Na6 12. O-O Nc5 13. Bf3 h6 14. Bh4 g5 15. fxg5 hxg5 16. Bg3 g4 17. Be2 Nfxe4 18. Nxe4 Nxe4 19. Bd3 Nxg3 20. hxg3 Bxe5 0-1


[Site "https://www.chess.com"]

[Event "Titled Tuesday Blitz December 13 Late 2022"]
[White "Kamsky, Gata"]
[Black "Ozates, Tuna"]
[WhiteFideId "2000024"]
[BlackFideId "6354521"]
[WhiteElo "2666"]
[BlackElo "2151"]
[Result "1-0"]
[Round "05"]
[TimeControl "180+1"]
[Date "2022.12.14"]
[WhiteClock "0:00:12"]
[BlackClock "0:00:03"]

1. e4 c5 2. Nc3 Nc6 3. f4 g6 4. Nf3 Bg7 5. Bb5 Nd4 6. a4 e6 7. O-O Ne7 8. Nxd4 cxd4 9. Ne2 O-O 10. c3 a6 11. Bd3 Nc6 12. Kh1 d6 13. Rb1 Rb8 14. b4 b5 15. axb5 axb5 16. Bb2 Qb6 17. Qe1 f5 18. exf5 gxf5 19. Rf3 Bb7 20. Rg3 Kh8 21. Nxd4 Nxd4 22. cxd4 Bd5 23. Qe3 Rf6 24. Be2 Rh6 25. Ra1 Bf6 26. Bf3 Qc6 27. Qxe6 Bxe6 28. Bxc6 Rc8 29. Bxb5 Rh4 30. Rf1 Bd5 31. Bc3 Rc7 32. Bd3 Rh5 33. Kg1 Bh4 34. Rh3 Rg7 35. g3 Bxg3 36. Rxg3 Rxg3+ 37. hxg3 Rh3 38. Kf2 Rh2+ 39. Ke1 Rg2 40. b5 Rxg3 41. Bxf5 Rg7 42. b6 Rb7 43. Ba5 Re7+ 44. Kf2 Rf7 45. Bd3 Rxf4+ 46. Ke3 Rh4 47. Bf5 Rh5 48. d3 Rh2 49. Be4 Bxe4 50. dxe4 Rb2 51. Rf7 Kg8 52. Rc7 Rb3+ 53. Kf4 Rb1 54. b7 1-0


[Site "https://www.chess.com"]

[Event "Titled Tuesday Blitz December 13 Late 2022"]
[White "Kanakaris, Georgios"]
[Black "Bortnyk, Mykola"]
[WhiteFideId "4209460"]
[BlackFideId "14120836"]
[WhiteElo "2291"]
[BlackElo "2582"]
[Result "1/2-1/2"]
[Round "05"]
[TimeControl "180+1"]
[Date "2022.12.13"]
[WhiteClock "0:00:11"]
[BlackClock "0:00:17"]

1. d4 Nf6 2. Nf3 e6 3. g3 c5 4. Bg2 cxd4 5. O-O Nc6 6. Nxd4 Be7 7. c4 O-O 8. Nc3 a6 9. b3 Qb6 10. Be3 Qa5 11. Nxc6 bxc6 12. Qd2 Bb4 13. Rfc1 Ba3 14. Rc2 Rb8 15. Nd5 Qxd2 16. Nxf6+ gxf6 17. Bxd2 d5 18. Bc1 Be7 19. cxd5 cxd5 20. Bf4 e5 21. Bh6 Rd8 22. Rac1 Be6 23. Bd2 Kg7 24. Ba5 Rd7 25. Rc6 Ra8 26. h4 h6 27. Bb6 a5 28. Bc5 a4 29. Bxe7 Rxe7 30. R6c5 axb3 31. axb3 Rd8 32. b4 Ra7 33. Rb1 e4 34. b5 Rb7 35. b6 Rdb8 36. Rc6 f5 37. e3 Ra8 38. Rc7 Rxc7 39. bxc7 Ra7 40. Rc1 Bc8 41. Rc5 Kf6 42. Rxd5 Rxc7 43. Rd1 Be6 44. Bf1 Rc2 45. Ra1 Rb2 46. Rc1 Kg6 47. Bc4 Kh5 48. Bxe6 fxe6 49. Rc6 e5 50. Rf6 Kg4 51. Kg2 Ra2 52. Re6 f4 53. gxf4 exf4 54. Rxe4 Kxh4 55. Rxf4+ Kg5 56. Rf8 h5 57. Rg8+ Kf5 58. Kf3 Ra3 59. Rh8 Kg5 60. Kg3 Rb3 61. f4+ Kg6 62. Kf3 Rb1 63. e4 Rb3+ 64. Kf2 Rb2+ 65. Ke3 Rb3+ 66. Kd4 Rb4+ 67. Kd5 Rb5+ 68. Kc4 Ra5 69. e5 Ra4+ 70. Kd5 Rxf4 71. Kd6 Rd4+ 72. Ke7 Re4 73. e6 h4 74. Kd7 Kg7 75. Rh5 Kg6 76. Rh8 Kg7 77. Rb8 Kf6 78. Rf8+ Kg5 79. e7 h3 80. Rh8 Kg4 81. e8=Q Rxe8 82. Kxe8 Kg3 83. Ke7 h2 84. Kf6 Kg2 85. Kf5 h1=Q 86. Rxh1 Kxh1 1/2-1/2


[Site "https://www.chess.com"]

[Event "Titled Tuesday Blitz December 13 Late 2022"]
[White "Kanyamarala, Trisha"]
[Black "Rustemov, Alexander"]
[WhiteFideId "45004722"]
[BlackFideId "4119002"]
[WhiteElo "2135"]
[BlackElo "2774"]
[Result "0-1"]
[Round "05"]
[TimeControl "180+1"]
[Date "2022.12.14"]
[WhiteClock "0:00:02"]
[BlackClock "0:00:10"]

1. d4 d5 2. c4 c6 3. cxd5 cxd5 4. Bf4 Nc6 5. e3 Nf6 6. Nc3 a6 7. Nf3 Bg4 8. Be2 Rc8 9. O-O e6 10. Rc1 Be7 11. Qb3 Na5 12. Qa4+ Nc6 13. Ne5 Bxe2 14. Nxe2 Qb6 15. Nxc6 Rxc6 16. Rxc6 Qxc6 17. Qxc6+ bxc6 18. Rc1 Kd7 19. Rc3 Rc8 20. h3 Ne4 21. Rb3 c5 22. Rb7+ Ke8 23. dxc5 Nxc5 24. Ra7 f6 25. Nd4 e5 26. Nf5 Bf8 27. Bg3 g6 28. Ng7+ Bxg7 29. Rxg7 Ne4 30. Rxh7 Rc1+ 31. Kh2 d4 32. exd4 exd4 33. Rh4 f5 34. f3 d3 35. Bf4 Re1 36. fxe4 fxe4 37. Rh8+ Kd7 38. Bg5 Ke6 39. Rd8 Kf5 40. h4 Re2 41. Kg3 Rxb2 42. Rd6 Rxa2 43. Bf4 Re2 44. Rd5+ Ke6 45. Rd6+ Ke7 46. Rxa6 e3 47. Rd6 d2 48. Kf3 Re1 49. Rd3 d1=Q+ 50. Rxd1 Rxd1 51. Bxe3 Ke6 52. g3 Rd3 53. Ke4 Rb3 54. Kf4 Rb4+ 55. Kf3 Kf5 56. Bf4 Rb3+ 57. Be3 Ra3 58. Kf2 Ke4 59. Bf4 Ra2+ 60. Ke1 Kf3 61. Kd1 Rg2 62. Kc1 Rxg3 63. Bxg3 Kxg3 64. h5 gxh5 65. Kd1 Kf2 66. Kd2 h4 67. Kd3 h3 68. Ke4 h2 69. Kf4 h1=Q 70. Kg4 Qe4+ 71. Kg5 Qe5+ 72. Kg6 Kf3 73. Kh7 Qf6 74. Kg8 Qe7 75. Kh8 Kf4 76. Kg8 Kf5 77. Kh8 Kf6 78. Kg8 Qg7# 0-1


[Site "https://www.chess.com"]

[Event "Titled Tuesday Blitz December 13 Late 2022"]
[White "Korchmar, Vasiliy"]
[Black "Hajiyev, Kanan"]
[WhiteFideId "24131750"]
[BlackFideId "13404148"]
[WhiteElo "2370"]
[BlackElo "2118"]
[Result "1-0"]
[Round "05"]
[TimeControl "180+1"]
[Date "2022.12.14"]
[WhiteClock "0:01:07"]
[BlackClock "0:00:03"]

1. e4 c6 2. d4 d5 3. e5 a6 4. c4 Bf5 5. Nc3 e6 6. a3 h6 7. h4 Nd7 8. cxd5 cxd5 9. g4 Bh7 10. Bd3 Bxd3 11. Qxd3 Ne7 12. h5 Nc6 13. Nge2 Be7 14. O-O Qb6 15. b4 O-O 16. Be3 f5 17. gxf5 Rxf5 18. Nxd5 Qd8 19. Ng3 Rf7 20. Nf4 Nf8 21. Qe4 Bg5 22. Ng6 Nxg6 23. hxg6 Rd7 24. Rad1 Qe8 25. Bxg5 hxg5 26. Kg2 Ne7 27. Rh1 Qxg6 28. Qg4 Nf5 29. Ne4 Rxd4 30. Rxd4 Nxd4 31. Nxg5 Rf8 32. Qh4 Rf5 33. Qh8# 1-0


[Site "https://www.chess.com"]

[Event "Titled Tuesday Blitz December 13 Late 2022"]
[White "Kujawski, Adam"]
[Black "Vlassov, Nikolai"]
[WhiteFideId "1100920"]
[BlackFideId "4103360"]
[WhiteElo "2054"]
[BlackElo "2324"]
[Result "0-1"]
[Round "05"]
[TimeControl "180+1"]
[Date "2022.12.14"]
[WhiteClock "0:00:03"]
[BlackClock "0:00:11"]

1. e4 Nc6 2. d4 d5 3. Nc3 e5 4. Nxd5 exd4 5. Nf3 Be6 6. Nxd4 Nxd4 7. Qxd4 c6 8. Be3 cxd5 9. O-O-O Nf6 10. exd5 Qxd5 11. Qa4+ Bd7 12. Rxd5 Bxa4 13. Re5+ Kd7 14. Bc4 Bd6 15. Rd1 Kc7 16. Ra5 Bc6 17. Bxf7 Bxg2 18. Rg1 Bc6 19. Rxg7 Nd7 20. Be6 Rae8 21. Bxd7 Bxd7 22. Rxa7 Bxh2 23. Ra5 Bd6 24. Rd5 Re7 25. Rxe7 Bxe7 26. Bf4+ Kc6 27. Rd3 Bc5 28. c3 Bf5 29. Rf3 Be4 30. Rg3 h5 31. f3 Bf5 32. Rg5 Be6 33. b4 Be7 34. Rg6 Kd7 35. Bh2 h4 36. Rg1 h3 37. Rd1+ Kc6 38. a4 Rg8 39. b5+ Kc5 40. Bg1+ Kc4 41. Kc2 Rxg1 42. Rxg1 Bf5+ 43. Kd2 Bd6 44. Ke3 Bc5+ 45. Kf4 Bxg1 46. Kxf5 h2 0-1


[Site "https://www.chess.com"]

[Event "Titled Tuesday Blitz December 13 Late 2022"]
[White "Lacasa Diaz, Jose Antonio"]
[Black "Hirneise, Jens"]
[WhiteFideId "2203375"]
[BlackFideId "24614734"]
[WhiteElo "2338"]
[BlackElo "2345"]
[Result "1-0"]
[Round "05"]
[TimeControl "180+1"]
[Date "2022.12.14"]
[WhiteClock "0:00:10"]
[BlackClock "0:00:03"]

1. e4 c6 2. d4 d5 3. exd5 cxd5 4. c4 Nf6 5. Nc3 Nc6 6. Nf3 a6 7. cxd5 Nxd5 8. Qb3 Nxc3 9. bxc3 e6 10. Bd3 Be7 11. O-O O-O 12. Re1 Re8 13. h4 g6 14. h5 Bf6 15. Bf4 Ne7 16. Ne5 Nd5 17. hxg6 hxg6 18. Bd2 Bd7 19. c4 Ne7 20. Qxb7 Bxe5 21. Rxe5 Nc6 22. Re4 Rb8 23. Qxa6 Nb4 24. Bxb4 Rxb4 25. Rae1 Qa8 26. Qd6 Qb7 27. d5 Rb6 28. Qg3 Qb8 29. Qh4 exd5 30. Rxe8+ Bxe8 31. cxd5 Bb5 32. Bxb5 Rxb5 33. Rd1 Qd6 34. Qg3 Qd7 35. d6 Ra5 36. Qb3 Ra6 37. Qd5 Kg7 38. g3 Kg8 39. Kg2 Rb6 40. a4 Ra6 41. a5 Kg7 42. Qd4+ Kg8 43. Qc5 Rc6 44. Qb5 Qg4 45. Qxc6 Qxd1 46. d7 Kg7 47. a6 Qa1 48. d8=Q Qe5 49. Qdd5 Qb2 50. a7 Qa1 51. a8=Q Qxa8 52. Qxa8 Kf6 53. Qd4+ Kg5 54. Qa5+ f5 55. Qae5 Kh6 56. Qf6 Kh5 57. Qfh4# 1-0


[Site "https://www.chess.com"]